 Dungeon Crawl Stone Soup version 0.28.0 (webtiles) character file.

Game seed: 8426777143018819782

35 issech the Ducker (level 3, -2/36 HPs)
             Began as a Troll Monk on Feb 9, 2022.
             Slain by an orc (6 damage)
             ... on level 2 of the Dungeon.
             The game lasted 00:02:04 (581 turns).

issech the Ducker (Troll Monk)                       Turns: 581, Time: 00:02:04

Health: -2/36      AC:  4    Str: 19    XL:     3   Next: 17%
Magic:  2/2        EV: 10    Int:  6    God:
Gold:   0          SH:  0    Dex: 14    Spells: 2/2 levels left

rFire   . . .      SeeInvis .   a - +0 mace
rCold   . . .      Faith    .   (no shield)
rNeg    . . .      Spirit   .   b - +0 robe
rPois   .          Reflect  .   (helmet restricted)
rElec   .          Harm     .   (no cloak)
rCorr   .          Rampage  .   (gloves unavailable)
Will    .....                   (boots unavailable)
Stlth   ++........              d - amulet of regeneration
HPRegen 1.72/turn               (no ring)
MPRegen 0.08/turn               (no ring)

@: no status effects
A: large, unfitting armour, claws 3, regeneration 1, shaggy fur 1, tough skin 1
a: no special abilities


You were on level 2 of the Dungeon.
You visited 1 branch of the dungeon, and saw 2 of its levels.

Inventory:

Hand Weapons
 a - a +0 mace (weapon)
Missiles
 f - 21 stones (quivered)
 h - 5 poisoned darts
Armour
 b - a +0 robe (worn)
Jewellery
 d - an amulet of regeneration (around neck)
Scrolls
 c - a scroll of vulnerability {unknown}
 e - a scroll of enchant weapon {unknown}
Potions
 g - a potion of flight {unknown}


   Skills:
 + Level 2.6 Fighting
 + Level 3.0 Maces & Flails
 + Level 3.1 Dodging
 + Level 1.0 Stealth


You had 2 spell levels left.
You didn't know any spells.
Your spell library was empty.

Dungeon Overview and Level Annotations

Branches:
Dungeon (2/15)

Altars:


Innate Abilities, Weirdness & Mutations

You are too large for most types of armour.
You have claws for hands.
Your natural rate of healing is unusually fast.
You are covered in fur. (AC +1)
You have tough skin. (AC +1)


Message History

The orc barely misses you. The orc hits you with a +0 club.
The orc priest mumbles some strange prayers to Beogh against you.
Beogh smites you! The orc hits you with a +0 club.
You barely miss the orc. The orc closely misses you.
You hit the orc.
The orc is heavily wounded.
The orc barely misses you.
The orc priest mumbles some strange prayers to Beogh against you.
Beogh smites you! The orc hits you with a +0 club.
You closely miss the orc.
The orc is heavily wounded.
The orc barely misses you.
You hit the orc.
You kill the orc!
You barely miss the orc. The orc hits you with a +0 whip.
You hit the orc but do no damage. The orc hits you with a +0 whip.
You closely miss the orc. The orc barely misses you.
The orc hits you but does no damage.
You hit the orc.
The orc is lightly wounded.
The orc completely misses you.
The orc priest looks encouraged for a moment.
You hit the orc.
The orc is severely wounded.
The orc hits you with a +0 whip.
The orc priest calls down the wrath of Beogh upon you.
Beogh smites you!
* * * LOW HITPOINT WARNING * * *
You hit the orc.
The orc is almost dead.
The orc hits you but does no damage.
You hit the orc.
You kill the orc!
The orc hits you with a +0 hand axe.
* * * LOW HITPOINT WARNING * * *
You hit the orc.
The orc is severely wounded.
The orc hits you with a +0 hand axe.
You die...

#.# ########...# ###.#
#......#...# ..#.#
#..........+ #.#.#
#..........# .. #.#.#
#.......... . #.#.#
#.......# .#
#.#.###.......#######.##
......'.......oo@......#
#.#.#.#^.....####...#..##
#.#.#.#......####...#...#
#...#.#########<'.....#
#####.###########...###
................'...+
#####.###########...# #.#
#...# ... #...#


You could see an orc priest and an orc.

Vanquished Creatures
  3 dart slugs (D:1)
  2 orcs (D:2)
  An endoplasm (D:1)
  A giant cockroach (D:1)
  2 goblins (D:1)
  A hobgoblin (D:1)
  2 kobolds (D:1)
  2 quokkas (D:1)
  6 ball pythons
  3 bats (D:1)
  2 frilled lizards (D:1)
  3 rats (D:1)
28 creatures vanquished.

Notes
Turn   | Place    | Note
-------+----------+-------------------------------------------
     0 | D:1      | issech the Troll Monk began the quest for the Orb.
     0 | D:1      | Reached XP level 1. HP: 22/22 MP: 0/0
   149 | D:1      | Reached XP level 2. HP: 29/29 MP: 1/1
   368 | D:1      | Reached XP level 3. HP: 36/36 MP: 2/2
   440 | D:1      | Found a faded altar of an unknown god.
   578 | D:2      | HP: 1/36 [orc priest/divine providence (15)]
   581 | D:2      | Slain by an orc

Illustrated notes

Levels and vault maps discovered:
D:1:      mushboom_english_gardens, layout_rooms,
          shapermc_ecumenical_altar_pompeii
D:2:      layout_basic

Skill      XL: |  1  2 |
---------------+-------+-----
Dodging        | 3 |  3.1
Maces & Flails | 3 |  3.0
Fighting       | |  2.6
Stealth        | |  1.0

Action                   || total
-------------------------++-------
Melee: Mace              ||    83
 Stab: Sleeping          ||     1
Armor: Robe              ||    43
Dodge: Dodged            ||    71
